Map: Ruins of Seras

Players

Burt - Winner!

  • Race: Terran Terran
  • League: Platinum

Phantom

  • Race: Terran Terran
  • League: Platinum

VOD

Have the link to the VOD?

Description

An early mind-game results in a strategic move. Bold army execution finishes the game convincingly.

Time

  • Played on: Dec. 6, 2015, 1:38 a.m.
  • Length: 12:56
Show
View Real Time Build Order
Export as new Build Order

Burt Terran - Winner!

Build Orders: MMM Bio 

Get SALT Encoding   

  12  0:01  SCV  
  13  0:13  SCV  
  14  0:18  Supply Depot  
  14  0:25  SCV  
  15  0:36  Refinery  
  15  0:40  SCV  
  16  0:52  SCV  
  16  0:55  Barracks  
  17  1:03  Refinery  
  17  1:04  SCV  
  18  1:16  SCV  
  19  1:30  SCV  
  20  1:47  Marine  
  20  1:48  Factory  
  21  1:55  Supply Depot  
  21  1:56  Orbital Command  
  21  2:06  Marine  
  22  2:22  SCV  
  23  2:24  Marine  
  24  2:33  Factory Tech Lab, Starport  
  24  2:34  SCV  
  25  2:47  SCV  
  26  2:58  Barracks Reactor  
  26  3:00  SCV  
  26  3:01  Supply Depot  
  27  3:14  SCV  
  27  3:15  Command Center  
  28  3:31  SCV  
  32  3:34  Widow Mine  
  32  3:38  Marine  
  35  3:43  SCV  
  36  3:51  Supply Depot  
  33  3:55  SCV  
  34  4:04  Medivac  
  34  4:05  Command Center  
  34  4:07  Stimpack  
  36  4:17  Factory Tech Lab  
  36  4:19  Medivac  
  36  4:23  SCV, Engineering Bay  
  39  4:35  Barracks  
  39  4:42  Barracks  
  39  4:48  Marauder  
  41  4:55  Siege Tank  
  44  5:03  Orbital Command  
  44  5:09  Terran Infantry Weapons Level 1  
  44  5:13  SCV  
  45  5:24  Barracks Reactor  
  45  5:26  SCV  
  46  5:29  SCV  
  46  5:35  Barracks Reactor  
  47  5:37  Medivac  
  47  5:38  SCV  
  47  5:41  SCV  
  51  5:45  Planetary Fortress  
  51  5:50  SCV  
  51  5:52  Missile Turret  
  51  5:53  SCV  
  51  5:54  Marine  
  54  6:02  SCV  
  55  6:05  SCV  
  55  6:08  Combat Shields  
  56  6:12  Marine  
  56  6:14  SCV, Medivac  
  56  6:16  Marine, Medivac  
  56  6:17  SCV, Marine x2  
  56  6:18  Marine  
  67  6:22  SCV  
  68  6:26  Refinery  
  68  6:35  Supply Depot  
  68  6:37  Marine x5  
  68  6:39  SCV x2  
  75  6:41  SCV  
  76  6:47  Armory  
  76  6:50  Engineering Bay  
  76  7:00  Sensor Tower  
  76  7:01  Marine x4  
  77  7:07  SCV x3  
  83  7:10  Missile Turret  
  83  7:15  Marine  
  84  7:19  Marine  
  85  7:24  Terran Infantry Armor Level 1  
  85  7:30  Supply Depot  
  85  7:35  SCV  
  85  7:36  Terran Infantry Weapons Level 2  
  85  7:40  Terran Vehicle And Ship Armor Level 1  
  85  7:52  SCV x3, Marine x2  
  85  7:55  Marine x3  
  92  8:04  SCV  
  93  8:11  Marine x2  
  93  8:12  SCV x2, Marine, Medivac  
  100  8:24  SCV  
  94  8:36  Marine  
  94  8:37  Marine x3  
  94  8:38  SCV x3, Siege Tank  
  102  8:50  SCV x2  
  92  8:56  Marine  
  92  8:57  Marine x4  
  92  8:58  Medivac x2  
  92  8:59  SCV  
  92  9:02  SCV  
  103  9:09  Barracks x3  
  103  9:13  SCV x2, Supply Depot x2  
  105  9:17  Refinery  
  105  9:21  Missile Turret  
  105  9:22  Supply Depot  
  105  9:24  Missile Turret  
  105  9:29  Refinery  
  105  9:33  Marine x3  
  105  9:34  Refinery, Marine x2  
  105  9:35  Siege Tank  
  105  9:36  Medivac  
  105  9:37  Supply Depot  
  115  9:38  Sensor Tower  
  115  9:42  Refinery  
  115  9:44  Command Center  
  115  9:45  Refinery  
  115  9:48  Missile Turret  
  115  9:49  Missile Turret  
  115  9:50  Medivac  
  115  9:51  Marine x4  
  121  10:00  Supply Depot  
  121  10:03  Marine x3  
  107  10:18  Marine  
  107  10:19  Marine x4  
  107  10:20  Siege Tank  
  107  10:21  SCV x3, Marine x2  
  120  10:33  SCV x3  
  120  10:35  Marine  
  124  10:36  Marine x2  
  124  10:38  Marine x3  
  124  10:39  Marine x2  
  124  10:42  Supply Depot  
  131  10:44  Supply Depot  
  131  10:45  Supply Depot  
  131  10:53  Marine  
  132  11:03  Supply Depot  
  132  11:10  Marine x4  
  132  11:11  Marine x4  
  138  11:13  Siege Tank, Medivac x2  
  147  11:19  Supply Depot  
  147  11:25  Missile Turret  
  147  11:28  Marine x6  
  147  11:29  Missile Turret x2, Marine x2  
  155  11:33  Missile Turret  
  155  11:34  Missile Turret x2  
  155  11:46  Siege Tank, Marine x6  
  164  11:56  Marine x2  
  164  11:58  Medivac x2  
  164  11:59  SCV  
  164  12:00  SCV x2  
  173  12:03  Marine  
  173  12:04  Marine x5  
  173  12:06  Missile Turret  
  173  12:07  Missile Turret  
  174  12:10  Missile Turret  
  174  12:12  SCV x2  
  174  12:14  Marine  
  162  12:18  Siege Tank  
  159  12:36  Marine x3  
Show
View Real Time Build Order
Export as new Build Order

Phantom Terran 

Build Orders:  

Get SALT Encoding   

  12  0:01  SCV  
  13  0:13  SCV  
  14  0:20  Supply Depot  
  14  0:26  SCV  
  15  0:42  SCV  
  16  0:43  Barracks  
  16  0:53  Refinery  
  16  0:54  SCV  
  17  1:06  SCV  
  18  1:18  SCV  
  19  1:32  Command Center  
  19  1:47  Orbital Command  
  19  1:49  Marine  
  20  1:56  Supply Depot  
  20  2:09  Marine  
  20  2:14  SCV  
  22  2:24  Factory  
  22  2:26  SCV, Refinery  
  23  2:30  Marine  
  24  2:40  SCV  
  24  2:44  Orbital Command  
  25  2:48  Marine  
  26  2:52  SCV  
  27  3:04  SCV  
  28  3:08  Factory Tech Lab, Orbital Command  
  28  3:09  Starport, Marine  
  29  3:28  Siege Tank  
  29  3:33  SCV  
  33  3:37  SCV  
  34  3:44  Engineering Bay  
  34  3:45  Viking  
  36  3:52  SCV  
  36  3:53  SCV  
  38  4:02  Barracks Tech Lab  
  38  4:04  SCV  
  39  4:11  Missile Turret  
  39  4:13  Missile Turret  
  39  4:26  Siege Tank  
  39  4:27  SCV  
  39  4:29  Barracks Tech Lab, Refinery  
  43  4:32  Missile Turret  
  43  4:36  SCV, Refinery  
  44  4:39  SCV  
  45  4:48  SCV, Barracks  
  46  4:53  Supply Depot  
  46  4:57  Missile Turret  
  46  5:06  Supply Depot  
  46  5:14  Raven  
  46  5:15  SCV x2  
  46  5:21  Stimpack, Marine  
  51  5:27  Barracks  
  51  5:30  Barracks  
  51  5:33  Terran Infantry Weapons Level 1  
  51  5:36  Barracks Reactor  
  51  5:39  SCV  
  53  5:42  SCV  
  53  5:51  SCV  
  54  6:15  SCV, Starport Reactor  
  55  6:21  Command Center, SCV  
  56  6:27  SCV  
  56  6:28  Marine x2  
  56  6:29  Marine x3  
  62  6:46  Barracks Reactor  
  62  6:47  Barracks Reactor  
  62  6:53  Supply Depot  
  62  6:59  SCV, Marine  
  62  7:08  Armory  
  62  7:11  Engineering Bay  
  62  7:15  SCV x2, Siege Tank, Marine x2  
  69  7:22  Missile Turret  
  69  7:25  Marine  
  69  7:27  Terran Infantry Armor Level 1  
  70  7:32  Orbital Command, Marine x4  
  70  7:34  Supply Depot, Medivac  
  70  7:35  Medivac  
  78  7:38  Marine x2  
  80  7:44  Marine  
  80  7:50  Marine x2  
  83  8:01  Orbital Command  
  83  8:09  Medivac x2  
  87  8:14  Terran Infantry Weapons Level 2, Missile Turret  
  69  8:38  Marine  
  69  8:39  Marine x4, Medivac x2  
  77  8:50  Siege Tank  
  75  8:56  Marine  
  75  8:57  Marine  
  75  9:00  Barracks Reactor x2  
  76  9:08  SCV  
  77  9:16  Supply Depot  
  77  9:20  SCV  
  78  9:26  Medivac x2  
  82  9:33  SCV  
  83  9:40  SCV x2  
  83  9:42  Refinery  
  83  9:43  Supply Depot  
  83  9:45  SCV  
  86  9:49  Marine  
  86  9:50  Marine x6  
  86  9:52  Siege Tank  
  96  9:56  Medivac x2  
  96  9:57  SCV  
  99  10:09  SCV  
  82  10:21  SCV  
  78  10:25  Marine x3  
  78  10:26  Marine x4  
  85  10:29  Terran Infantry Armor Level 2  
  85  10:33  SCV  
  85  10:34  Barracks  
  85  10:35  Barracks  
  86  10:39  SCV  
  86  10:41  SCV, Refinery  
  88  10:43  Marine x6  
  88  10:45  SCV  
  95  10:51  SCV  
  95  10:52  Marine  
  95  10:53  SCV  
  95  10:54  Command Center  
  95  10:55  Barracks  
  98  10:57  SCV  
  98  11:00  Marine  
  98  11:01  Marine x5  
  98  11:03  SCV  
  106  11:09  SCV  
  106  11:10  Marine  
  108  11:18  Marine  
  108  11:23  Barracks Reactor x2  
  109  11:26  Supply Depot  
  109  11:27  Supply Depot  
  109  11:43  Barracks Reactor  
  109  11:45  Supply Depot  
  109  11:48  Medivac x2, Siege Tank, Marine x7  
  109  11:51  Supply Depot x2  
  123  12:05  Marine x2  
  123  12:06  Marine  
  121  12:09  Missile Turret  
  121  12:14  Supply Depot  
  121  12:15  Marine x8  
  101  12:18  Medivac x2  
  101  12:21  Siege Tank  
  102  12:23  Marine  
  102  12:29  Marine x4  
  94  12:32  Marine  
  94  12:33  Marine x7  
Tags
 
Composition
MMM Bio
Matchup
TvT
Race
Terran
Add a new tag
Caveats
  • Supply blocks, unpowered buildings, or Contaminate may cause inaccurate times.
  • Supply counts are checked every 10 seconds.